[Event "Titled Tuesday Blitz May 9 Late 2023"]
[White "Barria Santos, Jose Guilherme"]
[Black "Koutsin"]
[WhiteFideId "1939300"]
[WhiteElo "2266"]
[BlackElo "2444"]
[Result "1-0"]
[Round "10"]
[TimeControl "180+2"]
[Date "2023.05.09"]
[WhiteClock "0:01:43"]
[BlackClock "0:00:10"]

1. c3 d5 2. Qa4+ c6 3. Qh4 Nf6 4. d4 e6 5. f3 h6 6. Nd2 c5 7. dxc5 Bxc5 8. Nb3 Be7 9. Qf2 Nc6 10. Be3 e5 11. Bc5 O-O 12. Bxe7 Qxe7 13. Qc5 Qxc5 14. Nxc5 b6 15. Nb3 a5 16. e3 a4 17. Nd2 Bd7 18. Ne2 Rfc8 19. Nb1 Na5 20. Na3 b5 21. Ng3 Nc4 22. Bxc4 bxc4 23. Nc2 Rab8 24. O-O-O Be6 25. a3 g6 26. Nb4 Rb5 27. e4 dxe4 28. Nxe4 Nxe4 29. fxe4 f5 30. Rd6 Kf7 31. Ra6 f4 32. Rd1 Rb7 33. Rdd6 Re8 34. Nc6 Rb5 35. Rxe6 Rxe6 36. Nd8+ Ke7 37. Nxe6 g5 38. Ng7 1-0


[Site "https://www.chess.com"]

[Event "Titled Tuesday Blitz May 9 Late 2023"]
[White "Martic, Ivan"]
[Black "Kuznetsov, Felix"]
[WhiteFideId "929301"]
[BlackFideId "34147990"]
[WhiteElo "2360"]
[BlackElo "2281"]
[Result "0-1"]
[Round "10"]
[TimeControl "180+2"]
[Date "2023.05.09"]
[WhiteClock "0:00:06"]
[BlackClock "0:00:07"]

1. d4 Nf6 2. c4 e6 3. Nc3 Bb4 4. e3 O-O 5. Ne2 Re8 6. a3 Bf8 7. Nf4 d5 8. cxd5 exd5 9. Bd3 c6 10. b4 b5 11. O-O a5 12. Rb1 Nbd7 13. f3 Nb6 14. Kh1 axb4 15. axb4 Na4 16. Nxa4 Rxa4 17. Bd2 Bd7 18. g4 h6 19. Rg1 Qe7 20. Bc2 Ra3 21. Nd3 Qe6 22. Ne5 Bd6 23. Bf5 Qe7 24. Bxd7 Nxd7 25. Nxc6 Qh4 26. Rg2 Ra2 27. Qb3 Rea8 28. Be1 Qh3 29. Rbb2 Ra1 30. Rbe2 Bxh2 31. Qxd5 Bg3+ 32. Kg1 Bxe1 33. Ne7+ Kf8 34. Ng6+ fxg6 35. Ra2 Bg3+ 36. Rxa1 Rxa1# 0-1


[Site "https://www.chess.com"]

[Event "Titled Tuesday Blitz May 9 Late 2023"]
[White "Aydincelebi, Kagan"]
[Black "Papayan, Oleg"]
[WhiteFideId "6361102"]
[BlackFideId "4193911"]
[WhiteElo "2180"]
[BlackElo "2171"]
[Result "1-0"]
[Round "10"]
[TimeControl "180+2"]
[Date "2023.05.09"]
[WhiteClock "0:01:42"]
[BlackClock "0:00:17"]

1. e4 c5 2. Nf3 e6 3. c3 d5 4. exd5 Qxd5 5. d4 Nf6 6. Be3 cxd4 7. cxd4 Nc6 8. Nc3 Qd6 9. Bd3 Be7 10. O-O O-O 11. Qe2 Nb4 12. Bb1 b6 13. a3 Ba6 14. Nb5 Qd7 15. a4 Bd6 16. Bg5 Bxb5 17. axb5 Nbd5 18. Ne5 Bxe5 19. dxe5 Ne8 20. h4 Rc8 21. h5 f5 22. exf6 Nexf6 23. Ra3 h6 24. Bd2 e5 25. Rg3 Nf4 26. Bxf4 exf4 27. Rg6 Rc5 28. Rd1 Qxb5 29. Qe7 Ne8 30. Ba2+ 1-0


[Site "https://www.chess.com"]

[Event "Titled Tuesday Blitz May 9 Late 2023"]
[White "Gorshtein, Ido"]
[Black "Villuendas Valero, Adrian"]
[WhiteFideId "2815532"]
[BlackFideId "2262460"]
[WhiteElo "2415"]
[BlackElo "2328"]
[Result "1-0"]
[Round "10"]
[TimeControl "180+2"]
[Date "2023.05.09"]
[WhiteClock "0:00:32"]
[BlackClock "0:00:04"]

1. e4 e6 2. d4 d5 3. Nd2 h6 4. e5 c5 5. c3 Nc6 6. Ngf3 Qb6 7. Bd3 cxd4 8. cxd4 Bd7 9. O-O Nxd4 10. Nxd4 Qxd4 11. Nf3 Qb6 12. Be3 Bc5 13. Bxc5 Qxc5 14. Rc1 Qb6 15. Qd2 Ne7 16. Qf4 O-O 17. Qh4 Ng6 18. Qg3 Bb5 19. Bxg6 fxg6 20. Rfd1 Be2 21. Qxg6 Bxd1 22. Rxd1 Rac8 23. h4 Rc6 24. b3 Rc7 25. Nd4 Rcf7 26. Qxe6 Qxe6 27. Nxe6 Re8 28. Nd4 Rxe5 29. Rc1 Re4 30. Nf3 Re2 31. Rc8+ Kh7 32. a4 Rd7 33. h5 d4 34. Nh4 Re6 35. Ng6 Rxg6 36. hxg6+ Kxg6 37. Kf1 Kf5 38. Ke2 Ke4 39. Re8+ Kd5 40. Kd3 Rd6 41. Re7 Rf6 42. Rd7+ Kc6 43. Rxg7 Rxf2 44. Kxd4 Rf6 45. Ke5 Rd6 46. b4 a6 47. b5+ axb5 48. axb5+ Kc5 49. Rc7+ 1-0


[Site "https://www.chess.com"]

[Event "Titled Tuesday Blitz May 9 Late 2023"]
[White "Filgueira, Hernan"]
[Black "Marcziter, Dmitrii"]
[WhiteFideId "101770"]
[BlackFideId "13900765"]
[WhiteElo "2363"]
[BlackElo "2162"]
[Result "1-0"]
[Round "10"]
[TimeControl "180+2"]
[Date "2023.05.09"]
[WhiteClock "0:00:03"]
[BlackClock "0:00:00"]

1. c4 e5 2. Nc3 Nc6 3. Nf3 d6 4. d4 exd4 5. Nxd4 Ne5 6. e3 g6 7. Be2 Bg7 8. O-O Ne7 9. b3 O-O 10. Bb2 f5 11. Qd2 Kh8 12. f4 N5c6 13. Nf3 Be6 14. e4 Bg8 15. Nd5 Nxd5 16. exd5 Nb8 17. Nd4 Nd7 18. Rae1 Nc5 19. Bf3 a5 20. g4 fxg4 21. Bxg4 Qh4 22. h3 Qg3+ 23. Kh1 h5 24. Ne6 Nxe6 25. Bxe6 Bxe6 26. Rxe6 Qxh3+ 27. Kg1 Qg4+ 28. Kh1 Rf7 29. Bxg7+ Rxg7 30. Qc3 Rg8 31. a4 b6 32. Rf2 Kh7 33. Rg2 Qh4+ 34. Kg1 Qxf4 35. Qd3 Qc1+ 36. Kh2 Qf4+ 37. Kg1 Qf5 38. Qe3 Rf7 39. Rf2 Qxf2+ 40. Qxf2 Rxf2 41. Kxf2 Rg7 42. Kg3 Rf7 43. Kh4 Kh6 44. Re8 Rf4+ 45. Kg3 Rg4+ 46. Kh3 Rd4 47. Re7 Kg5 48. Kg2 1-0


[Site "https://www.chess.com"]

[Event "Titled Tuesday Blitz May 9 Late 2023"]
[White "Figorito, Nick"]
[Black "Altman, Joshua"]
[WhiteFideId "30923689"]
[BlackFideId "426210"]
[WhiteElo "2375"]
[BlackElo "2028"]
[Result "0-1"]
[Round "10"]
[TimeControl "180+2"]
[Date "2023.05.09"]
[WhiteClock "0:00:02"]
[BlackClock "0:00:53"]

1. Nf3 Nf6 2. g3 b6 3. Bg2 Bb7 4. O-O e6 5. c4 Be7 6. Nc3 O-O 7. b3 c5 8. Bb2 d5 9. cxd5 Nxd5 10. Nxd5 Bxd5 11. Rc1 Nd7 12. Qc2 Bf6 13. d3 Rc8 14. Qb1 h6 15. Qa1 Bxb2 16. Qxb2 Qe7 17. Rfd1 Rfd8 18. h3 e5 19. Nh4 Bxg2 20. Nxg2 Nf6 21. Ne3 Qe6 22. Kg2 Rd7 23. Nc4 Re8 24. Nd2 Red8 25. Nc4 e4 26. Qc2 b5 27. Nb2 e3 28. Qxc5 exf2 29. Qxf2 Nd5 30. e4 Nb4 31. a3 Nxd3 32. Nxd3 Rxd3 33. Rxd3 Rxd3 34. Re1 Qxb3 35. e5 Qd5+ 36. Kh2 Rxa3 37. Re2 b4 38. Rd2 Qxe5 39. Rd8+ Kh7 40. Qc2+ g6 41. Qf2 Qf5 42. Qxf5 gxf5 43. Rb8 b3 44. Kg2 Ra2+ 45. Kf3 b2 46. Kf4 a5 47. Kxf5 a4 48. Kf6 a3 49. Kxf7 Ra1 50. Rg8 Rf1+ 0-1


[Site "https://www.chess.com"]

[Event "Titled Tuesday Blitz May 9 Late 2023"]
[White "Gonzalez, Francisco Silva"]
[Black "Wizard_of_Odds"]
[WhiteFideId "1512285"]
[WhiteElo "2074"]
[BlackElo "2358"]
[Result "1-0"]
[Round "10"]
[TimeControl "180+2"]
[Date "2023.05.09"]
[WhiteClock "0:00:47"]
[BlackClock "0:00:01"]

1. d4 e6 2. c4 b6 3. Nc3 Bb7 4. e3 f5 5. f3 Nf6 6. Bd3 Bb4 7. Ne2 O-O 8. a3 Be7 9. e4 fxe4 10. fxe4 e5 11. d5 a5 12. O-O Bc5+ 13. Kh1 Ng4 14. h3 Nf2+ 15. Rxf2 Bxf2 16. Qc2 d6 17. Bd2 Nd7 18. Nd1 Bh4 19. g3 Bg5 20. Kg2 Qf6 21. h4 Qf1+ 22. Kh2 Nf6 23. Ne3 Qf2+ 24. Ng2 Ng4+ 25. Kh1 Bxd2 26. Qxd2 Rf7 27. Qg5 Bc8 28. Qd8+ Rf8 29. Qxc7 Ne3 30. Rg1 Bh3 31. Ne1 Nf1 32. Ng2 Nxg3+ 33. Nxg3 Qxg3 34. Qxd6 Qxd3 35. Qxe5 Qf3 36. Kh2 Bxg2 37. Rxg2 Rae8 38. Qxg7# 1-0


[Site "https://www.chess.com"]

[Event "Titled Tuesday Blitz May 9 Late 2023"]
[White "Moral Garcia, Serafin"]
[Black "FuenfgegenWilly"]
[WhiteFideId "2201925"]
[WhiteElo "2274"]
[BlackElo "2349"]
[Result "0-1"]
[Round "10"]
[TimeControl "180+2"]
[Date "2023.05.09"]
[WhiteClock "0:01:37"]
[BlackClock "0:01:30"]

1. c4 c5 2. Nc3 Nc6 3. g3 g6 4. Bg2 Bg7 5. a3 a5 6. Rb1 d6 7. d3 e5 8. Nf3 Nge7 9. O-O O-O 10. Ne1 Be6 11. Nd5 Rb8 12. a4 Nb4 13. e4 h6 14. Nc2 Nec6 15. Ncxb4 axb4 16. b3 Nd4 17. Be3 Kh7 18. f4 Bxd5 19. cxd5 exf4 20. gxf4 b5 21. Ra1 bxa4 22. Rxa4 Ra8 23. Rf2 Rxa4 24. bxa4 Qa5 25. Ra2 b3 26. Ra3 Rb8 27. Bd2 Qxd2 0-1


[Site "https://www.chess.com"]

[Event "Titled Tuesday Blitz May 9 Late 2023"]
[White "Boder, Jan"]
[Black "TheKnightOfBosnia"]
[WhiteFideId "16243226"]
[WhiteElo "2241"]
[BlackElo "2472"]
[Result "1-0"]
[Round "10"]
[TimeControl "180+2"]
[Date "2023.05.09"]
[WhiteClock "0:00:03"]
[BlackClock "0:00:02"]

1. c4 c5 2. g3 Nc6 3. Bg2 g6 4. Nc3 Bg7 5. a3 e6 6. b4 cxb4 7. axb4 Nxb4 8. Ba3 Nc6 9. Nb5 Nge7 10. Bd6 O-O 11. Bc7 Qe8 12. Nd6 Bxa1 13. Qxa1 Nb4 14. Qc3 Nec6 15. Nxe8 Rxe8 16. h4 a5 17. h5 a4 18. hxg6 fxg6 19. Nf3 a3 20. O-O d5 21. Ne5 d4 22. Qa1 Nc2 23. Qa2 N6b4 24. Qb3 a2 25. Kh2 a1=Q 26. Rxa1 Rxa1 27. Qf3 Rf8 28. Qg4 Rf6 29. Bd8 Rf5 30. Nxg6 hxg6 31. Qxg6+ Kf8 32. Be4 Rf7 33. Qh6+ Ke8 34. Bg5 Kd7 35. Bf3 Nc6 36. Qg6 Re7 37. Qxc2 Rg7 38. Bxc6+ bxc6 39. f4 Ra8 40. Qe4 Bb7 41. Qxd4+ Kc7 42. Qxg7+ Kb6 43. Qe5 Re8 44. e4 c5 45. d4 cxd4 46. Qxd4+ Kc7 47. c5 Bc6 48. Qd6+ Kb7 49. Bf6 Ra8 50. g4 Bxe4 51. Qxe6 Bc6 52. Qe7+ Ka6 53. Qc7 Be4 54. Qb6# 1-0


[Site "https://www.chess.com"]

[Event "Titled Tuesday Blitz May 9 Late 2023"]
[White "Hambleton, Aman"]
[Black "Nastase, Robert-Paul"]
[WhiteFideId "2606577"]
[BlackFideId "1221175"]
[WhiteElo "2511"]
[BlackElo "2175"]
[Result "1-0"]
[Round "10"]
[TimeControl "180+2"]
[Date "2023.05.09"]
[WhiteClock "0:01:47"]
[BlackClock "0:00:02"]

1. d4 Nf6 2. Bf4 e6 3. e3 c5 4. c3 Qb6 5. Qb3 Qxb3 6. axb3 Nc6 7. h3 d6 8. Nf3 Bd7 9. Nbd2 O-O-O 10. Nc4 Be8 11. dxc5 dxc5 12. Rxa7 Nd5 13. Ra8+ Kd7 14. Nfe5+ Nxe5 15. Nxe5+ Ke7 16. Ra7 Kf6 17. Rxb7 Nxf4 18. exf4 g6 19. Bb5 Bd6 20. Bxe8 Bxe5 21. Rxf7# 1-0


[Site "https://www.chess.com"]

[Event "Titled Tuesday Blitz May 9 Late 2023"]
[White "Pein, Jonathan"]
[Black "Mirzoev, Azer"]
[WhiteFideId "417092"]
[BlackFideId "13400304"]
[WhiteElo "2151"]
[BlackElo "2525"]
[Result "0-1"]
[Round "10"]
[TimeControl "180+2"]
[Date "2023.05.09"]
[WhiteClock "0:00:00"]
[BlackClock "0:00:27"]

1. e4 c5 2. g3 e6 3. Bg2 Nc6 4. Ne2 b5 5. d4 cxd4 6. Nxd4 Nxd4 7. Qxd4 Bb7 8. O-O a6 9. Nc3 Rc8 10. Be3 Qc7 11. Rad1 Qc6 12. Rfe1 Nf6 13. Nd5 exd5 14. exd5 Qc4 15. Qe5+ Kd8 16. Bb6+ Rc7 17. d6 Bxd6 18. Qxd6 Bxg2 19. Kxg2 Kc8 20. Bxc7 Qxc7 21. Qxa6+ Qb7+ 22. Qxb7+ Kxb7 23. Re7 Rf8 24. g4 h6 25. h4 Kc6 26. g5 hxg5 27. hxg5 Nd5 28. Re5 Nf4+ 29. Kf3 Ne6 30. Red5 Ra8 31. Rd6+ Kc5 32. R1d5+ Kc4 33. a3 b4 0-1


[Site "https://www.chess.com"]

[Event "Titled Tuesday Blitz May 9 Late 2023"]
[White "D`Arruda, Ricardo D."]
[Black "Ibadov, Dashgyn"]
[WhiteFideId "100692"]
[BlackFideId "24107514"]
[WhiteElo "2417"]
[BlackElo "2208"]
[Result "0-1"]
[Round "10"]
[TimeControl "180+2"]
[Date "2023.05.09"]
[WhiteClock "0:01:05"]
[BlackClock "0:01:37"]

1. Nf3 c5 2. c4 Nf6 3. Nc3 e6 4. e3 Be7 5. d4 cxd4 6. g3 dxc3 7. Nd4 cxb2 8. Bxb2 Nc6 9. Bg2 Qa5+ 10. Ke2 O-O 11. h3 d5 12. Re1 dxc4 13. Bxc6 bxc6 14. Nxc6 Qc7 15. Nxe7+ Qxe7 16. Kf1 Bb7 17. f3 Rfd8 18. Qe2 Qc5 19. Rac1 Rac8 20. Kg2 Rd3 21. Rc2 Rcd8 22. Bd4 Qd5 23. Rec1 Ba6 24. Bxa7 Rd2 25. Rxd2 Qxd2 26. Rc2 Qxe2+ 27. Rxe2 c3 28. Rc2 Rd2+ 0-1


[Site "https://www.chess.com"]

[Event "Titled Tuesday Blitz May 9 Late 2023"]
[White "ElenGajger"]
[Black "Sun, Rick"]
[BlackFideId "30909481"]
[WhiteElo "2409"]
[BlackElo "2169"]
[Result "0-1"]
[Round "10"]
[TimeControl "180+2"]
[Date "2023.05.09"]
[WhiteClock "0:00:48"]
[BlackClock "0:00:12"]

1. e4 Nc6 2. d4 e5 3. dxe5 Nxe5 4. Nf3 Nxf3+ 5. Qxf3 c6 6. Bc4 Nf6 7. e5 Qa5+ 8. Nc3 Qxe5+ 9. Be3 d5 10. Bd3 Bg4 11. Qg3 Bd6 12. O-O Qxg3 13. hxg3 Kd7 14. Rfe1 b6 15. a4 Be5 16. Ne2 Bxb2 17. Rab1 Be5 18. c4 Bxe2 19. Rxe2 d4 20. Bd2 Rae8 21. a5 Bc7 22. Bf5+ Kd8 23. Rxe8+ Rxe8 24. axb6 Bxb6 25. c5 Bxc5 26. Rb8+ Kc7 27. Rb1 h6 28. Bf4+ Bd6 29. Bd2 Bc5 30. Bf4+ Bd6 31. Bd2 Nd5 32. Ba5+ Nb6 33. Rc1 c5 34. g4 Re7 35. Bd3 Kc6 36. g3 f6 37. Bf1 Kd7 38. Bd3 Nd5 39. Bb5+ Ke6 40. Bc4 Be5 41. f4 Kd6 42. fxe5+ Rxe5 43. Rb1 Ne3 44. Ba6 d3 45. Bxd3 c4 46. Bf5 Rxa5 47. Bg6 c3 48. Re1 Nxg4 49. Bf7 Ne5 50. Bb3 Nf3+ 51. Kf2 Nxe1 52. Kxe1 Re5+ 0-1


[Site "https://www.chess.com"]

[Event "Titled Tuesday Blitz May 9 Late 2023"]
[White "Colpe, Malte"]
[Black "angelgab3"]
[WhiteFideId "24623075"]
[WhiteElo "2289"]
[BlackElo "2529"]
[Result "1-0"]
[Round "10"]
[TimeControl "180+2"]
[Date "2023.05.09"]
[WhiteClock "0:02:07"]
[BlackClock "0:02:11"]

1. Nf3 Nf6 2. c4 e6 3. e3 d5 4. Nc3 Be7 5. d4 O-O 6. b3 c5 7. cxd5 Nxd5 8. Bb2 Nc6 9. dxc5 Bf6 10. Qd2 Qa5 11. Nxd5 Qxd2+ 12. Kxd2 Bxb2 13. Rb1 Ba3 14. Nc7 Rb8 15. Nb5 Bxc5 16. Bd3 Rd8 17. Ke2 a6 18. Nc3 b5 19. Rbc1 Ba3 20. Rcd1 Nb4 21. Bxh7+ 1-0


[Site "https://www.chess.com"]

[Event "Titled Tuesday Blitz May 9 Late 2023"]
[White "brm72"]
[Black "Kujawski, Adam"]
[BlackFideId "1100920"]
[WhiteElo "2527"]
[BlackElo "2054"]
[Result "1-0"]
[Round "10"]
[TimeControl "180+2"]
[Date "2023.05.09"]
[WhiteClock "0:02:17"]
[BlackClock "0:00:00"]

1. e4 e5 2. Nf3 Nc6 3. d4 exd4 4. Nxd4 Bb4+ 5. c3 Bc5 6. Be3 Bb6 7. g3 d5 8. Bg2 dxe4 9. O-O Nxd4 10. cxd4 Nf6 11. Nc3 Bg4 12. Qa4+ c6 13. d5 O-O 14. dxc6 bxc6 15. Nxe4 Be2 16. Rfe1 Bb5 17. Qc2 Bxe3 18. Rxe3 Nd5 19. Ree1 Nb4 20. Qc3 Nd3 21. Red1 f5 22. Nc5 1-0


[Site "https://www.chess.com"]

[Event "Titled Tuesday Blitz May 9 Late 2023"]
[White "Grinev, Valeriy"]
[Black "Hoffmann, Asa"]
[WhiteFideId "14117517"]
[BlackFideId "2001470"]
[WhiteElo "2366"]
[BlackElo "2117"]
[Result "1-0"]
[Round "10"]
[TimeControl "180+2"]
[Date "2023.05.09"]
[WhiteClock "0:01:38"]
[BlackClock "0:01:15"]

1. e4 d6 2. Nc3 c6 3. d4 Nf6 4. a4 a5 5. f3 Nbd7 6. Be3 e5 7. Bc4 Be7 8. Nge2 Qc7 9. Qd2 O-O 10. Bb3 b6 11. d5 Nc5 12. dxc6 Nxb3 13. cxb3 Qxc6 14. Rc1 Qb7 15. Nb5 Rd8 16. Rc7 Qb8 17. Rxe7 Ba6 18. O-O Bxb5 19. axb5 Kf8 20. Rxf7+ Kxf7 21. Nc3 Qb7 22. g4 h6 23. h4 Kg8 24. Rf2 Rf8 25. Qxd6 Rad8 26. Qxe5 Rde8 27. Qd6 Qf7 28. Qxb6 Qxb3 29. Qxa5 Nxg4 30. fxg4 Rxf2 31. Bxf2 Rf8 32. Qa2 Qxa2 33. Nxa2 Rf4 34. Nc3 Rxg4+ 35. Kf1 Rg6 36. b6 Re6 37. b7 Re8 38. Bg3 1-0


[Site "https://www.chess.com"]

[Event "Titled Tuesday Blitz May 9 Late 2023"]
[White "micke12a"]
[Black "Jovic, Stanoje"]
[BlackFideId "905020"]
[WhiteElo "2369"]
[BlackElo "2236"]
[Result "1/2-1/2"]
[Round "10"]
[TimeControl "180+2"]
[Date "2023.05.09"]
[WhiteClock "0:00:05"]
[BlackClock "0:00:25"]

1. d4 Nf6 2. Nc3 d5 3. Bf4 e6 4. Nb5 Bd6 5. Nxd6+ cxd6 6. Nf3 O-O 7. e3 Nc6 8. Bd3 Re8 9. Bg3 e5 10. dxe5 dxe5 11. Be2 Qb6 12. b3 d4 13. exd4 e4 14. Ne5 Qb4+ 15. Qd2 Qxd2+ 16. Kxd2 Nxd4 17. Bc4 Be6 18. Bxe6 Rxe6 19. c3 Nf5 20. Nc4 Rd8+ 21. Kc2 b5 22. Ne3 Nxe3+ 23. fxe3 Rd3 24. Rhe1 Nd5 25. Rad1 Rxd1 26. Kxd1 Nxc3+ 27. Kd2 b4 28. a3 a5 29. axb4 axb4 30. Ra1 h5 31. Ra8+ Kh7 32. Rb8 h4 33. Bc7 Rc6 34. Bf4 g5 35. Bxg5 Rd6+ 36. Kc2 Nd5 37. Rb5 Kg6 38. Bxh4 Nxe3+ 39. Kb2 Rd2+ 40. Kc1 Rxg2 41. Rxb4 f5 42. Bg3 Nf1 43. Bf4 Rf2 44. Rb6+ Kh5 45. Be5 e3 46. Rb5 e2 47. Bc3 Ne3 48. Be1 Rxh2 49. Kd2 Nf1+ 50. Kd3 Kg4 51. Rb4+ f4 52. Bd2 Rf2 53. Rxf4+ Rxf4 54. Kxe2 Ng3+ 55. Ke3 Rf3+ 56. Kd4 Rxb3 57. Bc3 Rb1 58. Kd3 Rd1+ 59. Kc2 Rh1 60. Kd3 Rh2 61. Kc4 Nf5 62. Be5 Rh5 63. Bf6 Nh4 64. Kd4 Nf3+ 65. Kd3 Rf5 66. Bc3 Rd5+ 67. Kc4 Rd7 68. Bb4 Rc7+ 69. Bc5 Rc8 70. Kd5 Ne5 71. Bd6 Nf7 72. Bb4 Ng5 73. Kd6 Rc2 74. Bc5 Rg2 75. Kd5 Nf3 76. Kc4 Rg1 77. Bxg1 1/2-1/2


[Site "https://www.chess.com"]

[Event "Titled Tuesday Blitz May 9 Late 2023"]
[White "Bilan, Danila"]
[Black "Arnold, Ken"]
[WhiteFideId "24161918"]
[BlackFideId "2056836"]
[WhiteElo "2182"]
[BlackElo "2386"]
[Result "0-1"]
[Round "10"]
[TimeControl "180+2"]
[Date "2023.05.09"]
[WhiteClock "0:00:18"]
[BlackClock "0:00:36"]

1. d4 Nf6 2. Nf3 e6 3. g3 b6 4. Bg2 Bb7 5. O-O d5 6. c4 Ne4 7. Nc3 Nxc3 8. bxc3 dxc4 9. Qa4+ Bc6 10. Qxc4 Qd5 11. Qd3 Be7 12. c4 Qe4 13. d5 Qxd3 14. exd3 exd5 15. Nd4 Bb7 16. cxd5 Bf6 17. Re1+ Kd8 18. Bb2 Nd7 19. Nc6+ Bxc6 20. dxc6 Bxb2 21. cxd7 Kxd7 22. Rab1 Bd4 23. Bxa8 Rxa8 24. Re4 c5 25. Rbe1 Bf6 26. f4 Rd8 27. Kf2 Kc6 28. Ke2 a5 29. a4 b5 30. axb5+ Kxb5 31. Ra1 Bxa1 0-1


[Site "https://www.chess.com"]

[Event "Titled Tuesday Blitz May 9 Late 2023"]
[White "Cruz, William Ferreira Da"]
[Black "Bryant, Todd"]
[WhiteFideId "2118050"]
[BlackFideId "2031299"]
[WhiteElo "2223"]
[BlackElo "2363"]
[Result "1-0"]
[Round "10"]
[TimeControl "180+2"]
[Date "2023.05.09"]
[WhiteClock "0:01:24"]
[BlackClock "0:00:27"]

1. d4 Nf6 2. c4 g6 3. Nc3 Bg7 4. e4 d6 5. Be2 O-O 6. Nf3 e5 7. O-O Nc6 8. d5 Ne7 9. Ne1 Nd7 10. Be3 f5 11. f3 f4 12. Bf2 g5 13. Rc1 Rf7 14. c5 Nxc5 15. b4 Na6 16. Nb5 Ng6 17. Qa4 Bd7 18. Qa5 Be8 19. Nxa7 h5 20. Bb5 b6 21. Qxa6 Rxa7 22. Qxa7 Bxb5 23. Qb7 c5 24. dxc6 Rxb7 25. cxb7 Ne7 26. Rc8 Qxc8 27. bxc8=Q+ Nxc8 28. a4 Bxf1 29. Kxf1 Bf8 30. a5 bxa5 31. bxa5 d5 32. exd5 Bb4 33. a6 Kf7 34. a7 Nxa7 35. Bxa7 Ke7 36. Nd3 Bd6 37. Bc5 Bxc5 38. Nxc5 Kd6 39. Ne4+ Kxd5 40. Nxg5 Kd6 41. Ke2 Ke7 42. Kd3 Kf6 43. h4 Kf5 44. Ne4 Ke6 45. Kc4 Kf5 46. Kd5 Kg6 47. Kxe5 Kh6 48. Kxf4 Kg6 49. Ng3 Kh6 50. Nxh5 Kxh5 51. Ke5 Kh6 52. f4 Kg6 53. Ke6 Kh6 54. f5 Kg7 55. Ke7 Kg8 56. f6 Kh7 57. f7 Kg6 58. f8=Q Kh7 59. Qf7+ Kh8 60. Qf6+ Kh7 61. Qg5 Kh8 62. Kf8 Kh7 63. Qh5# 1-0


[Site "https://www.chess.com"]

[Event "Titled Tuesday Blitz May 9 Late 2023"]
[White "OPQRC"]
[Black "Shapiro, Daniel"]
[BlackFideId "2001780"]
[WhiteElo "2484"]
[BlackElo "2361"]
[Result "1-0"]
[Round "10"]
[TimeControl "180+2"]
[Date "2023.05.09"]
[WhiteClock "0:00:16"]
[BlackClock "0:00:09"]

1. e4 e5 2. Nf3 Nc6 3. Bc4 Bc5 4. c3 Qe7 5. O-O Bb6 6. d4 d6 7. b4 Nf6 8. Re1 Bg4 9. b5 Nd8 10. Bb2 O-O 11. h3 Bd7 12. a4 c6 13. Nbd2 h6 14. Nf1 Bc7 15. Ng3 g6 16. Qd2 Kg7 17. Rad1 Ne6 18. Bxe6 fxe6 19. dxe5 dxe5 20. c4 Rad8 21. Nxe5 Be8 22. Qe3 Bb6 23. Qe2 Kh7 24. Rxd8 Qxd8 25. Nd3 Qe7 26. Rd1 Nh5 27. Nxh5 gxh5 28. Qc2 Qh4 29. c5 Bc7 30. Qc3 Rg8 31. Ne5 Qf4 32. g3 Qxe4 33. Nd7 Qg6 34. Nf6+ Kg7 35. Nxe8+ Kf7 36. Nxc7 1-0


[Site "https://www.chess.com"]

[Event "Titled Tuesday Blitz May 9 Late 2023"]
[White "Gerbelli Neto, Eduardo"]
[Black "cristianserban1"]
[WhiteFideId "2103281"]
[WhiteElo "2178"]
[BlackElo "2482"]
[Result "0-1"]
[Round "10"]
[TimeControl "180+2"]
[Date "2023.05.09"]
[WhiteClock "0:00:13"]
[BlackClock "0:00:10"]

1. e4 g6 2. Nc3 Bg7 3. f4 c6 4. Nf3 d5 5. e5 Bg4 6. Be2 e6 7. O-O Ne7 8. b3 O-O 9. Ba3 Nd7 10. Nd4 Bxe2 11. Ncxe2 c5 12. Nf3 a5 13. d4 Qc7 14. c4 a4 15. Qc2 axb3 16. axb3 Rfc8 17. dxc5 Rxa3 18. Rxa3 Qxc5+ 19. Kh1 Qxa3 20. Ned4 dxc4 21. bxc4 Qc5 22. Rc1 Nb6 23. Nb5 Qxc4 24. Qxc4 Rxc4 25. Rxc4 Nxc4 26. Nfd4 Nc6 27. Nb3 Bf8 28. Kg1 N6a5 29. Nc1 Na3 30. Nd6 Bxd6 31. exd6 N3c4 32. d7 Nc6 33. Nd3 Kf8 34. Nc5 Ke7 35. Nxb7 Kxd7 36. Nc5+ Ke7 37. Ne4 Nd6 38. Ng5 h6 39. Nf3 Nf5 40. Kf2 h5 41. g3 f6 42. h3 Nfd4 43. Nd2 Nd8 44. g4 hxg4 45. hxg4 N4c6 46. Kf3 Nf7 47. Ne4 Nd6 48. Nc5 Nb8 49. g5 f5 50. Nd3 Nd7 51. Ke3 Ne4 52. Nb4 Kd6 53. Nd3 e5 54. fxe5+ Nxe5 55. Nf4 Nxg5 56. Kd4 Ne6+ 57. Ke3 Nxf4 58. Kxf4 Ke6 59. Ke3 Kf6 60. Kf2 g5 61. Kg3 f4+ 62. Kf2 Kf5 63. Ke2 g4 64. Kf2 f3 65. Kg3 Nd3 66. Kh2 f2 67. Kg2 g3 68. Kf1 Ke4 69. Ke2 g2 70. Kd2 g1=Q 71. Kc3 Qc1+ 72. Kb3 Qb2+ 73. Ka4 Qb4# 0-1


[Site "https://www.chess.com"]

[Event "Titled Tuesday Blitz May 9 Late 2023"]
[White "Jonkman, Harmen"]
[Black "Fathy, Elameir"]
[WhiteFideId "1002708"]
[BlackFideId "10600396"]
[WhiteElo "2368"]
[BlackElo "2311"]
[Result "0-1"]
[Round "10"]
[TimeControl "180+2"]
[Date "2023.05.09"]
[WhiteClock "0:00:00"]
[BlackClock "0:00:21"]

1. Nf3 d5 2. g3 Nf6 3. Bg2 Bf5 4. O-O e6 5. Nh4 Bg4 6. h3 Bh5 7. d3 Be7 8. Nd2 O-O 9. Qe1 Nfd7 10. Nhf3 c5 11. e4 Nb6 12. e5 Nc6 13. Nh2 Nd4 14. g4 Bg6 15. Qd1 f6 16. Ndf3 Rc8 17. Re1 Qd7 18. Nxd4 cxd4 19. Nf3 Bc5 20. Bd2 f5 21. Nh4 Be7 22. Nxg6 hxg6 23. c3 Bc5 24. a4 dxc3 25. Bxc3 fxg4 26. d4 Be7 27. Qxg4 g5 28. h4 Rf4 29. Qg3 Rxh4 30. Bh3 Rf8 31. Bg4 Nc4 32. Kg2 Rf4 33. f3 Qe8 34. Re2 Qf7 35. b3 Nb6 36. Bd2 Nd7 37. Bxf4 gxf4 38. Qf2 Nf8 0-1


[Site "https://www.chess.com"]

[Event "Titled Tuesday Blitz May 9 Late 2023"]
[White "Chirivi C, Jenny Astrid"]
[Black "KorolDimitriy75"]
[WhiteFideId "4403061"]
[WhiteElo "2019"]
[BlackElo "2458"]
[Result "1/2-1/2"]
[Round "10"]
[TimeControl "180+2"]
[Date "2023.05.09"]
[WhiteClock "0:01:57"]
[BlackClock "0:00:44"]

1. d4 Nf6 2. c4 c5 3. d5 b5 4. cxb5 a6 5. bxa6 g6 6. Nc3 Bxa6 7. Nf3 d6 8. g3 Bg7 9. Bg2 O-O 10. O-O Nbd7 11. Rb1 Ne8 12. Qc2 Nc7 13. Rd1 Nb5 14. Nxb5 Bxb5 15. b3 Qa5 16. a4 Ba6 17. Bd2 Qb6 18. Bc3 Bxc3 19. Qxc3 Bxe2 20. Re1 Bxf3 21. Bxf3 Ne5 22. Be2 Rfb8 23. Kg2 Qb4 24. Qxb4 Rxb4 25. f4 Nd7 26. Bb5 Nf6 27. Rxe7 Nxd5 28. Rd7 Nc3 29. Re1 Nxb5 30. axb5 Rxb5 31. Ree7 Rf8 32. Rxd6 Rxb3 33. Rc6 Rc3 34. Rec7 Ra8 35. Rxc5 Ra2+ 36. Kh3 Rxc5 37. Rxc5 Kg7 1/2-1/2


[Site "https://www.chess.com"]

[Event "Titled Tuesday Blitz May 9 Late 2023"]
[White "Chabris, Christopher"]
[Black "marik_spb"]
[WhiteFideId "2005263"]
[WhiteElo "2346"]
[BlackElo "2449"]
[Result "1-0"]
[Round "10"]
[TimeControl "180+2"]
[Date "2023.05.09"]
[WhiteClock "0:00:04"]
[BlackClock "0:00:00"]

1. e4 c6 2. d4 d5 3. e5 Bf5 4. Nf3 e6 5. Be2 Nd7 6. O-O a6 7. a4 c5 8. a5 Ne7 9. c3 h6 10. Qa4 Nc6 11. Be3 g5 12. Nbd2 g4 13. Ne1 h5 14. f3 Bh6 15. Bxh6 Rxh6 16. dxc5 Nxc5 17. Qf4 Rg6 18. Rd1 Nd7 19. Ne4 Ndxe5 20. Ng3 Qg5 21. Qa4 gxf3 22. Nxf3 Nxf3+ 23. Bxf3 Bg4 24. Qb3 O-O-O 25. Qb6 Bxf3 26. Rxf3 f5 27. Rf2 h4 28. Ne2 h3 29. g3 e5 30. Qc5 Rgd6 31. b4 Kb8 32. b5 axb5 33. Qxb5 Qe3 34. Rd3 Qa7 35. Kf1 f4 36. gxf4 e4 37. Rd4 Nxd4 38. Nxd4 Qa6 39. Qxa6 bxa6 40. f5 Rf8 41. Ke2 Kc7 42. Ke3 Kd7 43. Rf4 Rh6 44. Rg4 Kd6 45. Rg7 Ke5 46. Re7+ Kf6 47. Re6+ Kg5 48. Re5 Rff6 49. Rxd5 Rh7 50. Ne6+ Kg4 51. Kxe4 Rb7 52. Rd4 Rb2 53. Ke5+ Kh5 54. Kxf6 Rxh2 55. Ng7+ Kh6 56. Rg4 1-0


[Site "https://www.chess.com"]